 Dungeon Crawl Stone Soup version 0.16-a0-787-g31dbbe7 (console) character file.

544 MrRokkomies the Insei (level 7, -9/43 HPs)
             Began as an Octopode Transmuter on Sept 27, 2014.
             Splashed by a jelly's acid (17 damage)
             ... on Level 3 of the Dungeon.
             The game lasted 00:19:13 (4606 turns).

MrRokkomies the Insei (Octopode Transmuter)         Turns: 4606, Time: 00:19:13

HP  -9/43        AC  1     Str  9      XL: 7   Next: 27%
MP  12/12        EV 12     Int 17      God:
Gold 174         SH  0     Dex 13      Spells:  3 memorised,  4 levels left

rFire  . . .     SeeInvis .       - Unarmed
rCold  . . .     Clarity  .     (no shield)
rNeg   . . .     rCorr    .     (helmet restricted)
rPois  .         rRot     .     (no amulet)
rElec  .         Spirit   .     (no ring)
SustAb .         Warding  .     (no ring)
rMut   .         Stasis   .     (no ring)
Gourm  .                        (no ring)
MR     .....                    (no ring)
                                (no ring)
                                (no ring)
                                (no ring)

@: not resistant to hostile enchantments, unstealthy
A: almost no armour, amphibious, 8 rings, constrict 8, camouflage 1, gelatinous
body 1
a: no special abilities


You were on level 3 of the Dungeon.
You were not hungry.

You visited 1 branch of the dungeon, and saw 3 of its levels.

You collected 174 gold pieces.

Inventory:

Missiles
 b - 71 arrows
 g - 18 poisoned needles
 i - a tomahawk
 m - 23 stones (quivered)
 o - 12 poisoned arrows
Comestibles
 a - a bread ration
 h - a chunk of goblin flesh
Scrolls
 e - a scroll of remove curse
Potions
 c - a potion of agility
 f - 2 potions of resistance
 j - a potion of heal wounds
Books
 d - a book of Changes

   Spells                             Type                      Level
   *Beastly Appendage                 Transmutation                1
   *Sticks to Snakes                  Transmutation                2
   *Spider Form                       Transmutation/Poison         3
   Ice Form                           Ice/Transmutation            4
   Blade Hands                        Transmutation                5
Magical staves
 k - an uncursed staff of cold


   Skills:
 - Level 1.0 Fighting
 - Level 2.0 Dodging
 * Level 6.0 Unarmed Combat
 - Level 2.0 Spellcasting
 * Level 5.6 Transmutations


You had 4 spell levels left.
You knew the following spells:

 Your Spells              Type           Power        Failure   Level  Hunger
a - Beastly Appendage     Trmt           ###...       1%          1    #......
b - Sticks to Snakes      Trmt           ###.......   2%          2    ###....
c - Spider Form           Trmt/Pois      ##........   21%         3    ####...


Dungeon Overview and Level Annotations

Branches:
Dungeon (3/15)

Altars:


Innate Abilities, Weirdness & Mutations

You cannot wear most types of armour.
You are amphibious.
You can wear up to eight rings at the same time.
You can use your tentacles to constrict many enemies at once.
Your skin changes colour to match your surroundings (Stealth).
Your rubbery body absorbs attacks (AC +1).


Message History

Aim: a jelly (moderately wounded)
You throw a stone. The stone hits the jelly.
The jelly is heavily wounded.
The jelly hits you.
You are splashed with acid!
The acid burns!
* * * LOW HITPOINT WARNING * * *
Throwing (i - inventory. (,) - cycle):
m - 25 stones (quivered)
Press: ? - help, Shift-Dir - straight line, f/p - jelly
Aim: a jelly (heavily wounded)
You throw a stone. The stone hits the jelly.
The jelly is heavily wounded.
The jelly barely misses you.
Throwing (i - inventory. (,) - cycle):
m - 24 stones (quivered)
Press: ? - help, Shift-Dir - straight line, f/p - jelly
Aim: a jelly (heavily wounded)
You throw a stone. The stone hits the jelly.
The jelly is severely wounded.
The jelly hits you.
* * * LOW HITPOINT WARNING * * *
You are splashed with acid!
The acid burns!
You die...

.....)...........................
...............########.#########
###......##......# #..# #......
##...........#.#.#####.####.####.
.....##..##..#%#.................
)...###..#.......##########.<....
......#........##.....#...##.####
###.#.##.....#....###.#.#.##.....
#...#.#....#.###@.###.#......#.).
###.#.##..##.###J.....###.#.#..#.
#.#.##..#..[..(.##..###.#......
#.#.##..#..#.(###..............
###.#.###.#...............#.#..##
.##.#.###.#....####.#.#####.#....
.##.....#.####.####.#)# #.#.###
%##.#.###....#.##...#.# #.#.# #
.##.#.###......##.#.#.### #.#.#


You could see a jelly.

Vanquished Creatures
  5 big kobolds (D:3)
  5 adders
  2 gnolls (D:3)
  A giant gecko (D:2)
  An ooze (D:3)
  5 orcs
  A ball python (D:3)
  5 giant cockroaches
  7 goblins
  8 hobgoblins
  41 kobolds
  A quokka (D:3)
  7 bats
  7 giant newts
  12 jackals
  11 rats
119 creatures vanquished.

Vanquished Creatures (collateral kills)
  A gnoll (D:1)
  2 worms (D:2)
  An orc (D:3)
  A kobold (D:3)
  2 giant newts
  A rat (D:3)
8 creatures vanquished.

Grand Total: 127 creatures vanquished

Notes
Turn   | Place    | Note
--------------------------------------------------------------
     0 | D:1      | MrRokkomies, the Octopode Transmuter, began the quest for the Orb.
     0 | D:1      | Reached XP level 1. HP: 13/13 MP: 3/3
   232 | D:1      | Reached XP level 2. HP: 16/18 MP: 2/4
   461 | D:1      | Learned a level 2 spell: Sticks to Snakes
   743 | D:1      | Reached XP level 3. HP: 23/23 MP: 6/6
  1250 | D:2      | Learned a level 3 spell: Spider Form
  1450 | D:2      | Reached XP level 4. HP: 10/28 MP: 7/7
  1899 | D:2      | Reached skill level 4 in Unarmed Combat
  2821 | D:3      | Reached XP level 5. HP: 33/33 MP: 9/9
  3243 | D:3      | Noticed a big kobold
  3254 | D:3      | Killed a big kobold
  3255 | D:3      | Noticed a big kobold
  3262 | D:3      | Killed a big kobold
  3262 | D:3      | Reached skill level 5 in Unarmed Combat
  3262 | D:3      | Reached XP level 6. HP: 21/38 MP: 10/10
  3407 | D:3      | Noticed a big kobold
  3416 | D:3      | Killed a big kobold
  3783 | D:3      | Reached skill level 5 in Transmutations
  4278 | D:3      | Noticed a big kobold
  4295 | D:3      | Killed a big kobold
  4295 | D:3      | Reached XP level 7. HP: 37/43 MP: 12/12
  4480 | D:3      | Noticed a big kobold
  4499 | D:3      | Killed a big kobold
  4499 | D:3      | Reached skill level 6 in Unarmed Combat
  4606 | D:3      | Splashed by a jelly's acid

Action                   |  1- 3 |  4- 6 |  7- 9 || total
-------------------------+-------+-------+-------++-------
Melee: Unarmed           |    85 |   155 |    39 ||   279
Throw: Tomahawk          |       |    11 |     5 ||    16
       Stone             |       |    44 |    24 ||    68
 Cast: Beastly Appendage |     8 |    15 |     5 ||    28
       Sticks to Snakes  |     4 |     4 |       ||     8
       Spider Form       |       |       |     1 ||     1
  Use: Scroll            |     2 |     5 |       ||     7
       Potion            |       |     5 |       ||     5
 Stab: Sleeping          |     2 |     2 |       ||     4
  Eat: Chunk             |     2 |     5 |     1 ||     8
       Meat ration       |       |     1 |       ||     1
